AoeStats
← Form 1040

Arena

510515724Analyzed
1v1 RM · 1d ago on Oct 1, 2026· 33m 17s· 2 players
Game mode
Random Map
Map size
Tiny (2 player)
Population
200
Speed
Normal
Resources
Standard
Victory
Conquest
Starting age
Dark Age
Ending age
Imperial Age
RankedLock teamsTeams togetherTeam positionsShared explorationLock speedFull tech treeHidden civsTurbo modeCheats
Victory
Defeat
🇯🇵 Dravidians · Japan
1141
+43
🇸🇪 Turks · Sweden
1135
-16
The Outpost Man
11:40 Feudal Age
16:04 Castle Age
14:23 Double-Bit Axe
14:42 Gold Mining
15:21 Stone Mining
16:28 Wheelbarrow
16:16 Horse Collar
16:57 Bow Saw
16:56 Horse Collar
17:39 Heavy Plow
17:56 Loom
23:35 Imperial Age
23:45 Gold Shaft Mining
25:54 Padded Archer Armor
Form 1040
10:22 Feudal Age
11:40 Double-Bit Axe
14:08 Castle Age
12:23 Double-Bit Axe
12:29 Horse Collar
15:50 Wheelbarrow
16:16 Bow Saw
21:18 Hand Cart
21:12 Crossbowman
22:34 Gold Mining
24:48 Fletching
24:59 Padded Archer Armor
25:13 Scale Barding Armor
25:18 Forging
25:26 Loom
25:13 Light Cavalry
25:54 Husbandry
25:54 Bodkin Arrow
26:36 Ballistics
30:02 Imperial Age
28:08 Thumb Ring
29:59 Heavy Plow
30:01 Elite Skirmisher
30:48 Bracer
32:09 Chemistry
Connection lost

Rejoining the realm…

Still unreachable

The connection could not be restored.

Session expired

The server has moved on; the page needs a fresh start.